 Dungeon Crawl Stone Soup version 0.26-a0-810-ge1a9524b62 (webtiles) character file.

Game seed: 8751756044184563281

881 mandarbmax the Sneak (level 7, -1/41 HPs)
             Began as a Vampire Fighter on Nov 13, 2020.
             Was a Follower of Uskayaw.
             Killed by divine providence
             ... invoked by an orc priest
              (16 damage)
             ... on level 5 of the Dungeon.
             The game lasted 00:09:50 (4219 turns).

mandarbmax the Sneak (Vampire Fighter)              Turns: 4219, Time: 00:09:51

Health: -1/41      AC: 12    Str: 17    XL:     7   Next: 75%
Magic:  5/9        EV:  4    Int: 10    God:    Uskayaw [*.....]
Gold:   249        SH: 11    Dex: 14    Spells: 6/6 levels left

rFire    . . .     SeeInvis +   a - +1 dagger (vamp)
rCold    + + .     Faith    .   c - +2 kite shield
rNeg     + + +     Spirit   .   d - +0 chain mail
rPois    ∞         Reflect  .   u - +2 hat
rElec    .         Harm     .   (no cloak)
rCorr    .         Rampage  .   p - +0 pair of gloves
MR       .....                  (no boots)
Stlth    ++........             (no amulet)
HPRegen  0.00/turn              (no ring)
MPRegen  0.11/turn              (no ring)

@: bloodless
A: fangs 3, see invisible, unbreathing
a: Bat Form, Revivify, Stomp, Renounce Religion


You were on level 5 of the Dungeon.
You worshipped Uskayaw.
Uskayaw was noncommittal.
You visited 1 branch of the dungeon, and saw 5 of its levels.

You collected 249 gold pieces.

Inventory:

Hand Weapons
 a - a +1 vampiric dagger (weapon)
 b - a +1 vorpal falchion
Missiles
 i - 9 poisoned darts (quivered)
 v - 4 curare-tipped darts
 w - 7 datura-tipped darts
Armour
 c - a +2 kite shield (worn)
 d - a +0 chain mail (worn)
 m - a +0 scale mail
 p - a +0 pair of gloves (worn)
 u - a +2 hat (worn)
Jewellery
 j - an uncursed ring of fire
Wands
 r - a wand of disintegration (9)
Scrolls
 g - 3 scrolls of remove curse
 h - a scroll of blinking
 k - a scroll of fog
Potions
 e - a potion of haste {unknown}
 f - 4 potions of curing
 l - 3 potions of heal wounds {unknown}
 n - a potion of attraction {unknown}
 o - a potion of degeneration {unknown}
 q - a potion of lignification {unknown}
 s - a potion of brilliance
 t - 2 potions of ambrosia {unknown}
 x - 2 potions of mutation {unknown}


   Skills:
 - Level 3.0 Fighting
 + Level 4.5(5.8) Short Blades
 - Level 5.0(5.7) Long Blades
 - Level 3.0 Armour
 + Level 6.2 Stealth
 - Level 3.0 Shields
 + Level 2.8 Invocations


You had 6 spell levels left.
You didn't know any spells.
Your spell library contained the following spells:

 Spells                   Type           Power        Failure   Level
 Corona                   Hex            #......      100%        1
 Ensorcelled Hibernation  Hex/Ice        #.....       100%        2
 Confusing Touch          Hex            #.......     100%        3
 Dazzling Flash           Conj/Hex       #.....       100%        3
 Ignite Poison            Fire/Tmut/Pois #.......     100%        3
 Tukima's Dance           Hex            #.......     100%        3
 Fireball                 Conj/Fire      #.........   100%        5
 Starburst                Conj/Fire      #.........   100%        6
 Ignition                 Fire           #.........   100%        8


Dungeon Overview and Level Annotations

Branches:
Dungeon (5/15)             Temple (0/1) D:4

Altars:
Gozag
Okawaru
Sif Muna
Uskayaw

Annotations:
D:4 3 runed translucent doors, LufLufFighter's ghost, amateur MfTm


Innate Abilities, Weirdness & Mutations

You do not regenerate when monsters are visible.
You are frail without blood (-20% HP).
You can heal yourself when you bite living creatures.
You are immune to poison.
You have razor-sharp teeth.
You have supernaturally acute eyesight. (SInv)
You can survive without breathing.


Message History

You hit the orc but do no damage. Your bite misses the orc.
You barely miss the orc.
The orc warrior seems less confused.
The orc priest seems less confused.
The orc seems less confused.
The orc hits you but does no damage.
You hit the orc but do no damage. The orc barely misses you.
You block the orc wizard's attack. The orc hits you but does no damage.
The orc wizard gestures at you while chanting.
The puff of flame hits you but does no damage.
You block the orc wizard's attack.
You hit the orc.
You feel better.
The orc is heavily wounded.
You block the orc's attack.
The orc wizard hits you but does no damage.
You hit the orc.
You feel better.
You bite the orc.
You kill the orc!
The orc warrior barely misses you.
The orc priest calls down the wrath of Beogh upon you.
Beogh smites you!
You die...

...................####........#
##.#....####..<.#.<............#
##...............##..##........#
#......###.###...............#
###.##....##.# #####...........#
....##..#.##.##### ###.........#
#######...##.....########.)......
#........####o........########
#.........oo[@........
#........####o........ #.....>..#
##........ #.......... #........
#..........# #........
#..........# ##.....##
#........... .....# #..........
.._..#


You could see an orc warrior, an orc priest, an orc wizard and an orc.

Vanquished Creatures
  A bullfrog (D:5)
  A water moccasin skeleton (D:4)
  A howler monkey (D:4)
  A bullfrog zombie (D:5)
  A centaur zombie (D:5)
  4 hounds
  2 orc priests
  3 orc wizards
  Terence (D:2)
  An iguana (D:4)
  A centaur skeleton (D:4)
  2 worker ants (D:4)
  A hound skeleton (D:4)
  6 gnolls (D:2)
  4 adders
  A shadow imp (D:3)
  An ufetubus (D:5)
  2 oozes
  An adder skeleton (D:4)
  6 worms
  3 dart slugs
  6 leopard geckos
  19 orcs
  7 giant cockroaches
  6 goblins
  9 hobgoblins
  10 jackals
  2 quokkas
  2 ball pythons (D:3)
  9 bats
  5 frilled lizards
  6 kobolds
  12 rats
137 creatures vanquished.

Notes
Turn   | Place    | Note
-------+----------+-------------------------------------------
     0 | D:1      | mandarbmax the Vampire Fighter began the quest for the Orb.
     0 | D:1      | Reached XP level 1. HP: 17/17 MP: 1/1
   129 | D:1      | Reached XP level 2. HP: 10/23 MP: 2/2
   250 | D:1      | Found an iron altar of Okawaru.
   612 | D:1      | Reached XP level 3. HP: 23/23 MP: 3/3
   869 | D:2      | Reached skill level 1 in Long Blades
   987 | D:2      | Found a shimmering blue altar of Sif Muna.
   989 | D:2      | Found an opulent altar of Gozag.
  1048 | D:2      | Noticed Terence
  1069 | D:2      | Killed Terence
  1069 | D:2      | Reached XP level 4. HP: 6/28 MP: 4/4
  1623 | D:2      | Found a hide-covered altar of Uskayaw.
  1686 | D:2      | Reached XP level 5. HP: 30/32 MP: 5/5
  2066 | D:2      | Became a worshipper of Uskayaw the Reveller
  2139 | D:3      | Reached * piety under Uskayaw
  2312 | D:3      | Reached ** piety under Uskayaw
  2457 | D:4      | Reached skill level 1 in Stealth
  2464 | D:4      | Reached skill level 5 in Long Blades
  2464 | D:4      | Reached skill level 2 in Stealth
  2464 | D:4      | Reached XP level 6. HP: 32/37 MP: 2/6
  2464 | D:4      | Reached *** piety under Uskayaw
  2608 | D:4      | Reached skill level 3 in Stealth
  2915 | D:4      | Reached skill level 4 in Stealth
  2915 | D:4      | Reached skill level 1 in Invocations
  2955 | D:4      | Reached XP level 7. HP: 32/41 MP: 2/8
  2962 | D:4      | Reached **** piety under Uskayaw
  3031 | D:4      | Found a staircase to the Ecumenical Temple.
  3048 | D:4      | Found a runed translucent gate.
  3048 | D:4      | Found a runed translucent gate.
  3048 | D:4      | Found a runed translucent gate.
  3048 | D:4      | Noticed LufLufFighter's ghost (amateur MfTm)
  3230 | D:4      | Found an opulent altar of Gozag.
  3538 | D:4      | Reached skill level 5 in Stealth
  3681 | D:5      | Entered Level 5 of the Dungeon
  4138 | D:5      | Reached skill level 6 in Stealth
  4212 | D:5      | Found a shimmering blue altar of Sif Muna.
  4219 | D:5      | Killed from afar by an orc priest

Illustrated notes

Levels and vault maps discovered:
D:1:      lightli_arrival_chessboard, layout_loops_ring,
          minmay_misc_feat_square, serial_bayou_pond_b,
          okawaru_ov_weapons_minmay
D:2:      minmay_chambers_of_ones, layout_basic, nicolae_overflow_hidden_temple,
          uniq_terence
D:3:      layout_rooms, serial_glass, glass_columns_a, glass_columns_a,
          glass_columns_a, glass_columns_a, glass_columns_b, glass_columns_b
D:4:      layout_cave_pods, minmay_temple_entry_glass,
          gammafunk_ghost_necromancy, st_stairs_5, grunt_gozag_statues
D:5:      layout_rooms, gammafunk_temple_overflow_elements, basic_altar

Skill      XL: |  1  2  3  4  5  6  7 |
---------------+----------------------+-----
Fighting       | 3 |  3.0
Shields        | 3 |  3.0
Armour         | 3 |  3.0
Long Blades    | 2 3 5 |  5.0
Stealth        | 2 4 6 |  6.2
Short Blades   | 3 4 |  4.5
Invocations    | 1 2 |  2.8

Action                   |  1- 3 |  4- 6 |  7- 9 || total
-------------------------+-------+-------+-------++-------
Melee: Rapier            |    32 |       |     3 ||    35
       Bite              |    10 |    32 |    23 ||    65
       Falchion          |    83 |   220 |    52 ||   355
       Dagger            |       |       |   130 ||   130
Throw: Dart              |       |     1 |       ||     1
Invok: Stomp             |       |     1 |     2 ||     3
       Line Pass         |       |     2 |     2 ||     4
 Abil: Exsanguinate      |     1 |       |       ||     1
  Use: Potion            |     1 |       |       ||     1
       Scroll            |       |    10 |     2 ||    12
 Stab: Sleeping          |     4 |       |       ||     4
       Paralysed         |       |     1 |     4 ||     5
       Confused          |       |       |     1 ||     1
Armor: Scale mail        |    52 |       |       ||    52
       Chain mail        |       |   115 |   109 ||   224
Dodge: Dodged            |    29 |    26 |    30 ||    85
Block: Kite shield       |    58 |   124 |    98 ||   280
       Rpst.: Falchion   |     5 |     5 |     2 ||    12

Table legend: (Time is in decaauts)
 A = Elapsed time spent in this place.
 B = Non-inter-level travel time spent in this place.
 C = Inter-level travel time spent in this place.
 D = Time resting spent in this place.
 E = Time spent auto-exploring this place.
 F = Levels seen in this place.
 G = Mean time per level.
                   A        B        C        D        E       F      G
               +--------+--------+--------+--------+--------+-----+--------+
         Total |   4270 |   4118 |    152 |    537 |   2589 |   5 |  854.0 |
       Dungeon |   4270 |   4118 |    152 |    537 |   2589 |   5 |  854.0 |
               +--------+--------+--------+--------+--------+-----+--------+

Top non-repeatable levels by time:
     D:4: 1242 daAuts
     D:1: 1068 daAuts
     D:2: 981 daAuts
     D:5: 512 daAuts
     D:3: 464 daAuts
